 Dungeon Crawl Stone Soup version 0.25.1-2-g60ff931df9 (console) character file.

Game seed: 5410760426196647912

23 Colgate the Skirmisher (level 3, 20/20 HPs)
             Began as a Vine Stalker Fighter on Aug 12, 2020.
             Quit the game on level 2 of the Dungeon.
             The game lasted 00:07:41 (1051 turns).

Colgate the Skirmisher (Vine Stalker Fighter)       Turns: 1051, Time: 00:07:42

Health: 20/20      AC:  6    Str: 18    XL:     3   Next: 0%
Magic:  4/4        EV:  7    Int:  8    God:
Gold:   78         SH:  9    Dex: 14    Spells: 2/2 levels left

rFire    . . .     SeeInvis .   b - +0 hunting sling
rCold    . . .     Gourm    .   e - +0 kite shield
rNeg     . . .     Faith    .   a - +0 scale mail
rPois    .         Spirit   +   (no helmet)
rElec    .         Reflect  .   (no cloak)
rCorr    .         Harm     .   (no gloves)
MR       .....                  (no boots)
Stlth    ..........             h - amulet of the acrobat
HPRegen  0.06/turn              (no ring)
MPRegen  0.09/turn              (no ring)

@: no status effects
A: fangs 2, magic shield, antimagic bite, no potion heal 3, rot immunity
a: no special abilities


You were on level 2 of the Dungeon.
You were not hungry.

You visited 1 branch of the dungeon, and saw 2 of its levels.

You collected 78 gold pieces.

Inventory:

Hand Weapons
 b - a +0 hunting sling (weapon)
Missiles
 g - 84 stones (quivered)
Armour
 a - a +0 scale mail (worn)
 e - a +0 kite shield (worn)
 k - a +0 chain mail
Jewellery
 h - an amulet of the acrobat (around neck)
Scrolls
 i - a scroll of fog {unknown}
 j - a scroll of identify {unknown}
 l - a scroll of blinking {unknown}
 m - a scroll of amnesia {unknown}
Potions
 c - a potion of might
Comestibles
 d - a ration
 f - a chunk of flesh


   Skills:
 - Level 3.0 Fighting
 + Level 2.9 Armour
 - Level 3.0 Shields
 - Level 2.0 Unarmed Combat


You had 2 spell levels left.
You didn't know any spells.
Your spell library was empty.

Dungeon Overview and Level Annotations

Branches:
Dungeon (2/15)

Altars:


Innate Abilities, Weirdness & Mutations

You have extremely sharp teeth.
When hurt, damage is shared between your health and your magic reserves.
Your bite disrupts and absorbs the magic of your enemies.
Potions cannot restore your health.
You are immune to rotting.


Message History

b - a +0 hunting sling (weapon)
g - 61 stones (gained 1)
g - 63 stones (gained 2)
Found a stone staircase leading up.
Found a hunting sling.
m - a scroll labeled OHETOIRGHUSSYWN
g - 85 stones (gained 22)
You see here 10 arrows.
A giant cockroach comes into view.
You see here a hunting sling.
Firing (i - inventory)
g - 85 stones (quivered)
Press: ? - help, Shift-Dir - straight line, f - giant cockroach
Aim: a giant cockroach You shoot a stone.
The stone hits the giant cockroach.
You kill the giant cockroach!
You have reached level 3!
Your experience leads to an increase in your attributes!
Increase (S)trength, (I)ntelligence, or (D)exterity?
You feel agile.
Are you sure you want to abandon this character and quit the game? (Confirm with "yes".)

#...##### ..
#.......###<# #....#
#....#.# #
#####.##.###.#..#.# .#
......##.....#..#.##.#
......######.#..#....#
.....................
......#####..#.#.?..
###.### ##.#.#.#######
#.# ###.#(.........
###.######.....#@.......
...............#........
.##.######.....#..(.....
<##.# ####.##########
###.# ... #.# #... ###
#.... ###..


There were no monsters in sight!

Vanquished Creatures
  2 dart slugs (D:1)
  2 bats (D:1)
  2 giant cockroaches
  2 goblins (D:1)
  4 hobgoblins (D:1)
  3 frilled lizards (D:1)
  2 kobolds (D:1)
  A rat (D:2)
18 creatures vanquished.

Notes
Turn   | Place    | Note
-------+----------+-------------------------------------------
     0 | D:1      | Colgate the Vine Stalker Fighter began the quest for the
                  | Orb.
     0 | D:1      | Reached XP level 1. HP: 11/11 MP: 2/2
   173 | D:1      | Reached XP level 2. HP: 16/16 MP: 3/3
  1050 | D:2      | Reached XP level 3. HP: 20/20 MP: 4/4
  1051 | D:2      | Quit the game

Illustrated notes

Levels and vault maps discovered:
D:1:      beargit_arrival_greenhouse, layout_loops_ring, minmay_misc_feat_cross,
          serial_bayou_ford_a
D:2:      layout_basic, bloody_trog

Skill      XL: |  1  2 |
---------------+-------+-----
Fighting       | 3 |  3.0
Shields        | 3 |  3.0
Armour         | |  2.9
Unarmed Combat | |  2.0

Action                   || total
-------------------------++-------
Melee: Unarmed           ||    65
       Bite              ||    20
 Fire: Hunting sling     ||    18
Armor: Scale mail        ||    12
Dodge: Dodged            ||    14
Block: Kite shield       ||    22
